 Dungeon Crawl Stone Soup version 0.26-a0-683-g5206c1d7ac (webtiles) character file.

Game seed: 8261019618877621927

18 Execuda the Chopper (level 2, -3/26 HPs)
             Began as a Minotaur Warper on Oct 22, 2020.
             Killed from afar by Natasha (5 damage)
             ... with a magic dart
             ... on level 2 of the Dungeon.
             The game lasted 00:00:48 (924 turns).

Execuda the Chopper (Minotaur Warper)                Turns: 924, Time: 00:00:48

Health: -3/26      AC:  4    Str: 15    XL:     2   Next: 48%
Magic:  3/3        EV: 12    Int: 10    God:
Gold:   47         SH:  0    Dex:  9    Spells: 3/3 levels left

rFire    . . .     SeeInvis .   a - +0 hand axe
rCold    . . .     Faith    .   (no shield)
rNeg     . . .     Spirit   .   b - +0 leather armour
rPois    .         Reflect  .   (helmet restricted)
rElec    .         Harm     .   c - +0 cloak
rCorr    .         Rampage  .   (no gloves)
MR       .....                  (no boots)
Stlth    +.........             (no amulet)
HPRegen  0.08/turn              (no ring)
MPRegen  0.08/turn              (no ring)

@: no status effects
A: retaliatory headbutt, horns 2
a: no special abilities


You were on level 2 of the Dungeon.
You visited 1 branch of the dungeon, and saw 2 of its levels.

You collected 47 gold pieces.

Inventory:

Hand Weapons
 a - a +0 hand axe (weapon)
Missiles
 e - 5 boomerangs of dispersal (quivered)
Armour
 b - a +0 leather armour (worn)
 c - a +0 cloak (worn)
Scrolls
 d - a scroll of blinking
 f - 2 scrolls of amnesia {unknown}
 h - 2 scrolls of identify {unknown}
 i - a scroll of teleportation {unknown}
 j - a scroll of noise {unknown}
Potions
 g - 2 potions of stabbing {unknown}
 k - a potion of lignification {unknown}


   Skills:
 + Level 3.0 Fighting
 * Level 3.4 Axes
 - Level 1.0 Throwing
 - Level 1.2 Armour
 - Level 2.1 Dodging
 - Level 1.3 Spellcasting
   Level 2.1 Translocations


You had 3 spell levels left.
You didn't know any spells.
Your spell library contained the following spells:

 Spells                   Type           Power        Failure   Level
 Blink                    Tloc           N/A          26%         2
 Gell's Gravitas          Tloc           #.........   45%         3
 Lesser Beckoning         Tloc           #.........   45%         3
 Teleport Other           Tloc           #.......     45%         3
 Passage of Golubria      Tloc           N/A          86%         4


Dungeon Overview and Level Annotations

Branches:
Dungeon (2/15)

Altars:

Annotations:
D:2 Natasha


Innate Abilities, Weirdness & Mutations

You reflexively headbutt those who attack you in melee.
You have a pair of horns on your head.


Message History

The magic dart hits you.
Natasha stares at you and mumbles some strange words.
The magic dart hits you.
Found 5 gold pieces.
You closely miss Natasha.
Natasha drinks a potion.
Natasha seems to speed up.
You closely miss Natasha. You headbutt Natasha.
Natasha is moderately wounded.
Natasha closely misses you. Natasha completely misses you.
You furiously retaliate!
You headbutt Natasha. You hit Natasha.
Natasha is heavily wounded.
Natasha claws you.
Natasha zaps a wand.
The puff of flame hits you!
* * * LOW HITPOINT WARNING * * *
You are too injured to fight recklessly!
You are too injured to fight recklessly!
You hit Natasha. Your headbutt misses Natasha.
Natasha is almost dead.
Natasha stares at you and mumbles some strange words.
The magic dart hits you.
You die...

#. .# #.# .# #.# .#
#.# .# #.#
#####.###### #.#
#..........#
###.####..........#
#..........@......#
#.#.###.####h>....$
#.# #.# ....... #.#
#.# #.##### #.#.#
#.# .# #.#.# #.. .#
#.#.# .... . #.#.#
#..# .## #.#.#
#..####....


You could see Natasha (fast).

Vanquished Creatures
  A giant cockroach (D:1)
  4 goblins (D:1)
  A hobgoblin (D:1)
  5 kobolds (D:1)
  3 bats (D:1)
  A frilled lizard (D:1)
  5 rats (D:1)
20 creatures vanquished.

Notes
Turn   | Place    | Note
-------+----------+-------------------------------------------
     0 | D:1      | Execuda the Minotaur Warper began the quest for the Orb.
     0 | D:1      | Reached XP level 1. HP: 18/18 MP: 1/1
   323 | D:1      | Reached XP level 2. HP: 25/25 MP: 3/3
   918 | D:2      | Noticed Natasha
   924 | D:2      | Killed from afar by Natasha

Illustrated notes

Levels and vault maps discovered:
D:1:      dpeg_arrival_simpleton_b, layout_loops_corners, minmay_misc_feat_tiny
D:2:      layout_basic, uniq_natasha

Skill      XL: |  1  2 |
---------------+-------+-----
Axes           | 3 |  3.4
Fighting       | 3 |  3.0
Throwing       | |  1.0
Armour         | |  1.2
Dodging        | |  2.1
Spellcasting   | |  1.3
Translocations | |  2.1

Action                   || total
-------------------------++-------
Melee: Hand axe          ||    34
       Headbutt          ||     7
Armor: Leather armour    ||    14
Dodge: Dodged            ||    23

Table legend: (Time is in decaauts)
 A = Elapsed time spent in this place.
 B = Non-inter-level travel time spent in this place.
 C = Inter-level travel time spent in this place.
 D = Time resting spent in this place.
 E = Time spent auto-exploring this place.
 F = Levels seen in this place.
 G = Mean time per level.
                   A        B        C        D        E       F      G
               +--------+--------+--------+--------+--------+-----+--------+
         Total |    929 |    901 |     28 |    135 |    652 |   2 |  464.5 |
       Dungeon |    929 |    901 |     28 |    135 |    652 |   2 |  464.5 |
               +--------+--------+--------+--------+--------+-----+--------+

Top non-repeatable levels by time:
     D:1: 883 daAuts
     D:2: 45 daAuts
